 Dungeon Crawl Stone Soup version 0.20-a0-833-gc632bec (webtiles) character file.

2217 Dfrag the Firebug (level 9, 0/68 HPs)
             Began as a Naga Fire Elementalist on Mar 8, 2017.
             Was a Believer of Makhleb.
             Slain by a two-headed ogre
             ... wielding a +0 dire flail
              (18 damage)
             ... on level 7 of the Dungeon.
             The game lasted 00:12:44 (5414 turns).

Dfrag the Firebug (Naga Fire Elementalist)          Turns: 5414, Time: 00:12:46

Health: 0/68       AC:  8    Str: 11    XL:     9   Next: 35%
Magic:  2/28       EV: 10    Int: 19    God:    Makhleb [**....]
Gold:   333        SH:  0    Dex: 11    Spells: 13/21 levels left

rFire    . . .     SeeInvis +   G - +0 hand axe (freeze)
rCold    . . .     Gourm    .   P - +0 robe (curse)
rNeg     . . .     Faith    .   (no shield)
rPois    +         Spirit   .   p - +2 hat
rElec    .         Reflect  .   s - +1 cloak {MR+}
rCorr    .         Harm     .   (no gloves)
MR       ++...                  (no barding)
Stlth    +.........             (no amulet)
Regen    0.3/turn               S - ring of loudness (curse)
MPRegen  0.3/turn               q - ring of magical power

@: very slightly contaminated, very slow
A: see invisible, deformed body, poison resistance, slowness 2, slow metabolism
1, spit poison 1, AC +3
a: Spit Poison, Minor Destruction, Renounce Religion


You were on level 7 of the Dungeon.
You worshipped Makhleb.
Makhleb was pleased with you.
You were not hungry.

You visited 1 branch of the dungeon, and saw 7 of its levels.
You also visited: Ossuary.

You collected 333 gold pieces.

Inventory:

Hand Weapons
 r - a +2 short sword of flaming
 G - a +0 hand axe of freezing (weapon)
Missiles
 d - 6 curare-tipped needles
Armour
 a - a +0 robe
 i - a +0 helmet
 p - a +2 hat (worn)
 s - a +1 cloak of magic resistance (worn)
 w - a +0 robe of magic resistance
 P - a cursed +0 robe (worn)
Magical Staves
 x - an uncursed staff of summoning
Jewellery
 q - a ring of magical power (left hand)
 F - an uncursed ring of magical power
 S - a cursed ring of loudness (right hand)
Wands
 I - a wand of lightning (7/15)
 K - a wand of random effects (25/48)
Scrolls
 e - 2 scrolls of identify
 f - 3 scrolls of immolation
 j - 2 scrolls of blinking
 k - 5 scrolls of enchant armour
 o - 2 scrolls of magic mapping {unknown}
 t - a scroll of fog
 u - a scroll of teleportation
 y - 5 scrolls of remove curse
 C - a scroll of summoning
 E - a scroll of fear {unknown}
 H - 2 scrolls of amnesia {unknown}
 M - a scroll of noise {unknown}
Potions
 g - 2 potions of agility {unknown}
 h - 3 potions of lignification
 l - a potion of berserk rage {unknown}
 m - 5 potions of curing
 n - a potion of heal wounds {unknown}
 v - a potion of mutation {unknown}
 z - 3 potions of haste {unknown}
 A - 2 potions of might {unknown}
 B - 3 potions of flight {unknown}
 D - 2 potions of resistance {unknown}
 J - a potion of cancellation {unknown}
 N - a potion of ambrosia {unknown}
Books
 b - a book of Flames

   Spells                             Type                      Level
   a - Flame Tongue                   Conjuration/Fire             1
   b - Throw Flame                    Conjuration/Fire             2
   c - Conjure Flame                  Conjuration/Fire             3
   d - Inner Flame                    Hexes/Fire                   3
   e - Sticky Flame                   Conjuration/Fire             4
   f - Fireball                       Conjuration/Fire             5
 R - a book of Battle

   Spells                             Type                      Level
   a - Infusion                       Charms                       1
   b - Shroud of Golubria             Charms/Translocation         2
   c - Song of Slaying                Charms                       2
   d - Spectral Weapon                Hexes/Charms                 3
   e - Regeneration                   Charms/Necromancy            3
Comestibles
 c - 6 bread rations
 L - a royal jelly
 O - a meat ration
 Q - 5 chunks of flesh


   Skills:
 - Level 1.5 Dodging
 - Level 3.0 Stealth
 + Level 6.9 Spellcasting
 + Level 6.9 Conjurations
 + Level 7.5 Fire Magic


You had 13 spell levels left.
You knew the following spells:

 Your Spells              Type           Power        Failure   Level  Hunger
a - Flame Tongue          Conj/Fire      ####.        1%          1    None
b - Conjure Flame         Conj/Fire      ####....     1%          3    #......
c - Sticky Flame          Conj/Fire      ####....     8%          4    ###....


Dungeon Overview and Level Annotations

Branches:
Dungeon (7/15)             Temple (0/1) D:4

Altars:
Ashenzari
Elyvilon
Hepliaklqana
Makhleb
Nemelex Xobeh
Trog
Uskayaw
The Shining One


Innate Abilities, Weirdness & Mutations

You cannot wear boots.
Your serpentine skin is tough. (AC +3)
You have supernaturally acute eyesight. (SInv)
Armour fits poorly on your strangely shaped body.
Your system is resistant to poisons. (rPois)
You cover ground very slowly.
You have a slow metabolism.
You can spit poison.


Message History

Aim: a two-headed ogre, wielding a dire flail and a giant club (heavily wounded, covered in liquid flames)
The sticky flame hits the two-headed ogre.
The two-headed ogre is severely wounded.
The two-headed ogre is covered in liquid flames!
The two-headed ogre burns!
The two-headed ogre hits you but does no damage.
The two-headed ogre misses you.
Unknown command.
Casting: Sticky Flame
Confirm with . or Enter, or press ? or * to list all spells.
Aiming: Flame Tongue
Press: ? - help, Shift-Dir - straight line, f/p - two-headed ogre
Aim: a two-headed ogre, wielding a dire flail and a giant club (severely wounded, covered in liquid flames)
The flame tongue hits the two-headed ogre.
The two-headed ogre is almost dead.
The two-headed ogre burns!
The two-headed ogre hits you with a dire flail!
* * * LOW HITPOINT WARNING * * *
The two-headed ogre hits you with a giant club!!
You die...

....%. #... ..... .
..... #... .. ##... #..#
..# #.#..## #..# ...#
...."..## #.###..##....#
........###.............
.?.......######..###.###
#....@.........#
#....O.....(.#.#
#.......)......#
#........###.###
...#.....### #<#
###.#....# #...#
#...#<### #.....# #...##
......... #...
###.....###


You could see a two-headed ogre (burning).

Vanquished Creatures
  A hornet zombie (D:5)
  A phantom (D:5)
  An ice beast (D:6)
  2 black bears (D:6)
  5 ogres
  Blork the orc (D:5)
  2 bullfrogs (D:6)
  5 scorpions
  A howler monkey (D:6)
  3 centaur zombies
  2 jellies (D:7)
  Crazy Yiuf (D:5)
  A centaur skeleton (D:5)
  An orc priest (D:6)
  A bullfrog skeleton (D:4)
  2 hounds
  An iguana (D:4)
  2 orc wizards
  4 worker ants
  A killer bee zombie (D:7)
  2 hound skeletons
  12 mummies (Ossuary)
  6 adders
  3 oozes
  An adder zombie (D:5)
  2 worms
  2 dart slugs
  4 leopard geckos
  11 orcs
  5 bats
  3 giant cockroaches
  5 goblins
  5 hobgoblins
  7 jackals
  7 kobolds
  3 quokkas
  A ball python (D:5)
  3 frilled lizards
  3 goblin skeletons (Ossuary)
  3 kobold skeletons (Ossuary)
  2 orc skeletons (Ossuary)
  A quokka skeleton (D:5)
  8 rats
  11 rat skeletons (Ossuary)
  A butterfly (D:4)
149 creatures vanquished.

Notes
Turn   | Place    | Note
-------+----------+-------------------------------------------
     0 | D:1      | Dfrag the Naga Fire Elementalist began the quest for the Orb.
     0 | D:1      | Reached XP level 1. HP: 15/15 MP: 3/3
   165 | D:1      | Reached XP level 2. HP: 22/22 MP: 3/5
   630 | D:2      | Found a hazy altar of Hepliaklqana.
   649 | D:2      | Reached XP level 3. HP: 19/28 MP: 1/6
   657 | D:2      | Learned a level 3 spell: Conjure Flame
  1125 | D:2      | Found a white marble altar of Elyvilon.
  1132 | D:2      | Found a glowing golden altar of the Shining One.
  1134 | D:2      | Found a burning altar of Makhleb.
  1136 | D:2      | Found a bloodstained altar of Trog.
  1137 | D:2      | Found a shattered altar of Ashenzari.
  1139 | D:2      | Found a sparkling altar of Nemelex Xobeh.
  1141 | D:2      | Found a hide-covered altar of Uskayaw.
  1150 | D:2      | Became a worshipper of Makhleb the Destroyer
  1367 | D:3      | Reached XP level 4. HP: 36/36 MP: 8/8
  1776 | D:3      | Reached XP level 5. HP: 37/42 MP: 9/9
  1807 | D:3      | Found a faded altar of an unknown god.
  1923 | D:3      | Learned a level 4 spell: Sticky Flame
  1974 | D:4      | Reached skill level 4 in Fire Magic
  2160 | D:4      | Reached XP level 6. HP: 24/49 MP: 11/11
  2189 | D:4      | Found a sand-covered staircase.
  2198 | Ossuary  | Entered an ossuary
  2389 | Ossuary  | Reached * piety under Makhleb
  2445 | Ossuary  | HP: 2/49 [mummy (16)]
  2860 | D:4      | Reached XP level 7. HP: 44/55 MP: 13/13
  2949 | D:4      | Found a staircase to the Ecumenical Temple.
  2978 | D:4      | Reached skill level 5 in Fire Magic
  3051 | D:4      | Reached ** piety under Makhleb
  3161 | D:5      | Entered Level 5 of the Dungeon
  3186 | D:5      | Noticed Blork the orc
  3198 | D:5      | Killed Blork the orc
  3381 | D:5      | Reached skill level 5 in Spellcasting
  3386 | D:5      | Reached skill level 5 in Conjurations
  3386 | D:5      | Reached XP level 8. HP: 12/62 MP: 15/15
  3431 | D:5      | Found a runed door.
  3532 | D:5      | Found a sparkling altar of Nemelex Xobeh.
  3617 | D:5      | Noticed Crazy Yiuf
  3621 | D:5      | Killed Crazy Yiuf
  4005 | D:5      | Reached skill level 6 in Fire Magic
  4758 | D:6      | Reached skill level 7 in Fire Magic
  4758 | D:6      | Reached XP level 9. HP: 26/68 MP: 18/18
  4934 | D:6      | Found a bloodstained altar of Trog.
  5407 | D:7      | Noticed a two-headed ogre
  5414 | D:7      | Slain by a two-headed ogre

Vault maps used:
D:1:      dpeg_arrival_chase
D:2:      minitemple, overflow_temple_1_default, first_bread,
          grunt_decor_arrowhead
D:3:      chequers_ecumenical_altar_simple
D:4:      minmay_temple_entry_butterflies, enter_ossuary_5,
          minmay_misc_feat_hallway
D:5:      nemelex_spade_bored_becter, uniq_blork_the_orc,
          uniq_crazy_yiuf_cottage
D:6:      trog_ov_bears_minmay
D:7:      ldierk_geyser, grunt_livestock
Ossuary:  ossuary_due_small_catacomb

Skill      XL: |  1  2  3  4  5  6  7  8 |
---------------+-------------------------+-----
Conjurations   | 2 3 4 5 6 |  6.9
Spellcasting   | 3 4 5 6 |  6.9
Fire Magic     | 4 5 7 |  7.5
Dodging        | |  1.5
Stealth        | |  3.0

Action                   |  1- 3 |  4- 6 |  7- 9 || total
-------------------------+-------+-------+-------++-------
Melee: Unarmed           |     8 |       |       ||     8
       Short sword       |     4 |    21 |     5 ||    30
       Hand axe          |       |       |    32 ||    32
 Cast: Flame Tongue      |    45 |   151 |   124 ||   320
       Sticky Flame      |       |     1 |    37 ||    38
 Abil: Spit Poison       |    15 |     5 |       ||    20
  Use: Scroll            |       |    10 |       ||    10
 Stab: Sleeping          |     1 |       |     1 ||     2
  Eat: Chunk             |     2 |     2 |    10 ||    14
       Meat ration       |       |     1 |       ||     1
Armor: Robe              |     7 |    42 |    39 ||    88
Dodge: Dodged            |    20 |    63 |    67 ||   150
